 Dungeon Crawl Stone Soup version 0.29-a0-341-g24ffce5b50 (webtiles) character file.

Game seed: 1847447191852980195

28 spaghetti the Vandal (level 2, -6/24 HPs)
             Began as a Demigod Hunter on Apr 20, 2022.
             Mangled by a gnoll
             ... wielding a +0 whip
              (7 damage)
             ... on level 2 of the Dungeon.
             The game lasted 00:01:36 (1283 turns).

spaghetti the Vandal (Demigod Hunter)               Turns: 1283, Time: 00:01:37

Health: -6/24      AC:  4    Str: 12    XL:     2   Next: 78%
Magic:  7/7        EV: 12    Int: 11    God:
Gold:   137        SH:  0    Dex: 17    Spells: 5/5 levels left

rFire   . . .      SeeInvis .   b - +2 spear (vamp) {polearm}
rCold   . . .      Faith    .   (no shield)
rNeg    . . .      Spirit   .   o - +0 leather armour
rPois   .          Reflect  .   (no helmet)
rElec   .          Harm     .   (no cloak)
rCorr   .          Rampage  .   h - +0 pair of gloves
Will    .....                   (no boots)
Stlth   ++........              (no amulet)
HPRegen 0.08/turn               (no ring)
MPRegen 0.10/turn               (no ring)

@: brilliant
A: high MP 1, forlorn, divine attributes
a: no special abilities


You were on level 2 of the Dungeon.
You visited 1 branch of the dungeon, and saw 2 of its levels.

You collected 137 gold pieces.


Innate Abilities, Weirdness & Mutations

You have an increased reservoir of magic. (+10% MP)
You shall have no god before yourself.
Your divine heritage dramatically boosts your attributes as you level up.


   Skills:
 - Level 1.7 Fighting
 - Level 3.6 Slings
 - Level 1.7 Dodging
 - Level 0.8 Stealth
 - Level 2.1 Spellcasting
 + Level 0.3 Ice Magic


You had 5 spell levels left.
You didn't know any spells.
Your spell library contained the following spells:

 Spells                   Type           Power      Damage    Failure   Level
 Freeze                   Ice            8%         1d3       32%         1
 Frozen Ramparts          Ice            4%         1d2       67%         3
 Hailstorm                Conj/Ice       2%         3d3       98%         4

Inventory:

Hand Weapons
 a - a +1 hunting sling {sling}
 b - a +2 vampiric spear (weapon) {polearm}
   (You found it on level 2 of the Dungeon)
Missiles
 g - 87 stones {throwing}
 n - 6 boomerangs {throwing}
Armour
 e - a +0 pair of gloves
   (You found it on level 1 of the Dungeon)
 h - a +0 pair of gloves (worn)
   (You found it on level 1 of the Dungeon)
 o - a +0 leather armour (worn)
Scrolls
 c - a scroll of immolation {!r!r}
 d - a scroll of identify {unknown}
 f - a scroll of teleportation {unknown}
 j - a scroll of fog {unknown}
 k - a scroll of amnesia {unknown}
Potions
 m - a potion of berserk rage {unknown}

Dungeon Overview and Level Annotations

Branches:
Dungeon (2/15)

Annotations:
D:2 Natasha

..#...#
.....#....#.
#.....#.#).
#.........#
#.....#5h.
#.....#gg #.....#g#
#.....#@###.#
###.........).#
........#.######
...#####........ .
#..############
#.........#>..###
#.#######.#.#.#..
...#....##.#.#.#.#
#####.##....#<#.#.#


You could see Natasha, 3 gnolls and a shadow imp (summoned).


Message History

You shoot a sling bullet.
The sling bullet hits the giant cockroach.
You kill the giant cockroach!
No target in view!
No target in view!
No target in view!
No target in view!
No target in view!
No target in view!
No target in view!
No target in view!
No target in view!
No target in view!
No target in view!
No target in view!
You see here a giant cockroach corpse.
o - a +2 vampiric spear {polearm} Key pressed, stopping explore.
Key pressed, stopping explore.
You now have 130 gold pieces (gained 17).
You now have 137 gold pieces (gained 7).
A gnoll comes into view. It is wielding a +0 flail.
The gnoll shouts!
You hear a shout!
You hear an angry hiss.
You feel a sense of dread.
o - a +2 vampiric spear (weapon)
{polearm} No target in range!
No target in range!
No target in range!
No target in range!
Adjust to which letter? (? for menu, Esc to quit)
b - a +2 vampiric spear (weapon)
{polearm}
o - a +0 leather armour (worn)
You feel the dreadful sensation subside.
a - a +1 hunting sling (weapon)
{sling} You shoot a sling bullet.
The sling bullet barely misses the gnoll.
A gnoll comes into view. It is wielding a +0 whip.
A gnoll comes into view. It is wielding a +0 spear.
You shoot a sling bullet. The gnoll shouts!
The sling bullet hits the gnoll.
You shoot a sling bullet.
The sling bullet barely misses the gnoll.
The sling bullet closely misses the gnoll.
Natasha, Servant of Life and Death comes into view.
You shoot a sling bullet. The sling bullet hits the gnoll.
Natasha mumbles some strange words.
The gnoll barely misses you.
You shoot a sling bullet. The sling bullet hits the gnoll.
The gnoll hits you with a +0 flail.
The gnoll hits you but does no damage. 😕 HP[-3]
You take 3 damage, and now have 21/24 hp.
You are too injured to fight recklessly!
You are too injured to fight recklessly!
You are too injured to fight recklessly!
You are too injured to fight recklessly!
You are too injured to fight recklessly!
You are too injured to fight recklessly!
You are too injured to fight recklessly!
You are too injured to fight recklessly!
You are too injured to fight recklessly!
You are too injured to fight recklessly!
You are too injured to fight recklessly!
You are too injured to fight recklessly!
You are too injured to fight recklessly!
You are too injured to fight recklessly!
You are too injured to fight recklessly!
You are too injured to fight recklessly!
You are too injured to fight recklessly!
You feel a sense of dread.
b - a +2 vampiric spear (weapon)
{polearm} 😕 HP[+1]
You hit the gnoll.
You feel better.
The gnoll hits you from afar with a +0 spear. 😕 HP[-1]
You take 1 damage, and now have 21/24 hp.
You hit the gnoll.
You feel better. The gnoll closely misses you.
The gnoll hits you from afar with a +0 spear.
You hit the gnoll.
You feel better. The gnoll closely misses you.
The gnoll hits you from afar with a +0 spear.
The gnoll hits you with a +0 whip!
* * * LOW HITPOINT WARNING * * *
The gnoll hits you from afar with a +0 spear.
* * * LOW HITPOINT WARNING * * *
😱 HP[-16]
You take 16 damage, and now have 5/24 hp.
MASSIVE DAMAGE!! (PAUSE) It was a potion of brilliance.
You feel clever all of a sudden. The gnoll hits you with a +0 whip.
* * * LOW HITPOINT WARNING * * *
Natasha casts a spell.
The gnoll closely misses you. 😱 HP[-4]
You take 4 damage, and now have 1/24 hp.
It was a potion of magic.
Magic courses through your body. The gnoll closely misses you.
Natasha mumbles some strange words.
The gnoll hits you with a +0 whip!
You die...

Skill      XL: |  1  2 |
---------------+-------+-----
Spellcasting   | 1 2 |  2.1
Fighting       | |  1.7
Slings         | |  3.6
Dodging        | |  1.7
Stealth        | |  0.8
Ice Magic      | |  0.3

Action                   || total
-------------------------++-------
Melee: Spear             ||     3
 Fire: Hunting sling     ||    66
  Use: Potion            ||     2
Armor: Leather armour    ||    13
Dodge: Dodged            ||    27

Levels and vault maps discovered:
D:1:      dpeg_arrival_houses_and_road, layout_basic, minmay_hexomino_u4
D:2:      layout_basic, ebering_ecumenical_altar_abandoned, uniq_robin,
          uniq_natasha

Notes
Turn   | Place    | Note
-------+----------+-------------------------------------------
     0 | D:1      | spaghetti the Demigod Hunter began the quest for the Orb.
     0 | D:1      | Reached XP level 1. HP: 17/17 MP: 3/3
     0 | D:1      | magus.rc [v1.9.6]
   221 | D:1      | Reached skill level 1 in Spellcasting
   256 | D:1      | Reached XP level 2. HP: 20/24 MP: 4/6
   560 | D:1      | Reached skill level 2 in Spellcasting
   776 | D:1      | You pick up a book of Frost and begin reading...
   776 | D:1      | You add the spells Freeze, Frozen Ramparts and Hailstorm to
                  | your library.
  1275 | D:2      | Noticed Natasha
  1281 | D:2      | HP: 5/24 [gnoll/+0 spear (6)]
  1282 | D:2      | HP: 1/24 [gnoll/+0 whip (4)]
  1283 | D:2      | Mangled by a gnoll

Vanquished Creatures
  2 dart slugs (D:1)
  A ball python (D:1)
  5 bats (D:1)
  4 giant cockroaches
  A goblin (D:1)
  2 jackals (D:1)
  2 quokkas (D:1)
  2 frilled lizards (D:1)
  A kobold (D:1)
  A rat (D:1)
21 creatures vanquished.

Table legend:
 A = Non-vault XP
 B = Vault XP
 C = Vault XP percentage of total XP
 D = Non-vault monster count
 E = Vault monster count
 F = Vault count percentage of total count
                 A         B        C        D         E       F
            +---------+---------+-------+---------+---------+-------
      Total |      37 |       4 |   9.8 |      19 |       2 |   9.5
            +---------+---------+-------+---------+---------+-------
        D:1 |      35 |       4 |  10.3 |      18 |       2 |  10.0
        D:2 |       2 |       0 |   0.0 |       1 |       0 |   0.0
            +---------+---------+-------+---------+---------+-------

Illustrated notes

Table legend:
 A = Kills in this place as a percentage of kills in entire the game.
 B = Kills by you in this place as a percentage of kills by you in the entire game.
 C = Kills by friends in this place as a percentage of kills by friends in the entire game.
 D = Other kills in this place as a percentage of other kills in the entire game.
 E = Experience gained in this place as a percentage of experience gained in the entire game.
 F = Experience gained in this place divided by the number of levels of this place that you have seen.
                   A       B       C       D       E      F
               +-------+-------+-------+-------+-------+----------------------
         Total | 100.0 | 100.0 |   N/A |   N/A | 100.0 |  20.5
       Dungeon | 100.0 | 100.0 |   N/A |   N/A | 100.0 |  20.5
               +-------+-------+-------+-------+-------+----------------------

Table legend: (Time is in decaauts)
 A = Elapsed time spent in this place.
 B = Non-inter-level travel time spent in this place.
 C = Inter-level travel time spent in this place.
 D = Time resting spent in this place.
 E = Time spent auto-exploring this place.
 F = Levels seen in this place.
 G = Mean time per level.
                   A        B        C        D        E       F      G
               +--------+--------+--------+--------+--------+-----+--------+
         Total |   1305 |   1270 |     35 |      0 |   1129 |   2 |  652.5 |
       Dungeon |   1305 |   1270 |     35 |      0 |   1129 |   2 |  652.5 |
               +--------+--------+--------+--------+--------+-----+--------+

Top non-repeatable levels by time:
     D:1: 1175 daAuts
     D:2: 130 daAuts
